[Event "FIDE WTC Prel-B 2022"]
[Site "Jerusalem"]
[Date "2022.11.22"]
[Round "5.9"]
[White "Ivanchuk, Vasyl"]
[Black "Van Foreest, Jorden"]
[Result "0-1"]
[ECO "D40"]
[WhiteElo "2673"]
[BlackElo "2690"]
[Annotator "TA"]
[PlyCount "108"]
[EventDate "2022.11.20"]
[EventType "team-tourn"]
[EventCountry "ISR"]
[SourceTitle "playchess.com"]
[Source "ChessBase"]
[SourceQuality "1"]
[WhiteTeam "Ukraine"]
[BlackTeam "Netherlands"]
[WhiteTeamCountry "UKR"]
[BlackTeamCountry "NED"]
[TimeControl "2700+10"]

1. d4 d5 2. c4 e6 3. Nc3 c5 4. cxd5 exd5 5. Nf3 Nf6 6. e3 a6 7. b3 {[%emt 0:03:45] Prevents c4. 7.g3 gains popularity. D40: Queen's Gambit Declined: Semi-Tarrasch with 5 e3.} Nc6 8. Bb2 Bg4 9. Be2 {[%emt 0:02:06] White has an edge.} Bxf3 10. Bxf3 {[%emt 0:00:04] next dxc5 is good for White.} cxd4 11. exd4 Bb4 12. O-O O-O 13. Na4 Re8 14. Nc5 {[%emt 0:00:31] [#]} (14. a3 $5 Bf8 15. b4 $14) 14... b6 $146 ({Predecessor:} 14... Ne4 15. a3 Bxc5 16. dxc5 Qg5 17. Bxe4 Rxe4 18. Qd3 Rae8 19. Rad1 d4 20. b4 Qd5 {0-1 (38) Shlyakhtenko,R (2351)-Amburgy,R (2030) Cherry Hill 2021}) 15. Nd3 {[%emt 0:01:57] Black must now prevent Rc1.} Bd6 16. Rc1 (16. g3 {simplifies} Rc8 17. Re1 Rc7 18. Rxe8+ Qxe8 19. Rc1) 16... Rc8 (16... Nb4 {simplifies} 17. Nxb4 Bxb4 18. g3 Qd7) 17. Re1 Ne4 (17... Rxe1+ {simplifies} 18. Qxe1 a5 19. Ne5 Nb4) 18. Re2 Qd7 (18... Qh4 19. g3 Qd8 20. Qe1 $16) 19. Rec2 Nf6 {[%emt 0:03:29] Against Bg4} 20. g3 g6 21. Bg2 {[%emt 0:02:43][%cal Od3e5] aiming for Ne5! A strong pair of Bishops.} Rc7 (21... Nb4 $1 $11) 22. Qf1 {[%emt 0:03:21] Bh3 is the strong threat.} (22. Qd2 $5 Ne4 23. Qd1 $14) 22... Re7 23. Bh3 Qe8 24. Ne5 {[%emt 0:00:24][%cal Re5c6] Prevents a5.} Nb8 25. Ba3 $36 {[%emt 0:00:51][%mdl 2048] White is in control.} (25. Rxc7 {simplifies} Rxc7 26. Rxc7 Bxc7 27. Qc1) 25... Qd8 {[%emt 0:02:49] [#]} (25... Rxc2 $16 {keeps fighting.} 26. Rxc2 (26. Bxd6 Rxc1 27. Qxc1 Ra7 $11) 26... Bxa3) 26. Nd7 $1 $18 Rexd7 (26... Nbxd7 $2 27. Rxc7 (27. Bxd6 Rxc2 28. Rxc2 Re8 $18) 27... Bxc7 28. Bxe7 Qxe7 29. Rxc7) (26... Rcxd7 $2 27. Bxd6 Rxd6 28. Rc8 $18) (26... Rxc2 27. Nxf6+) 27. Bxd6 Rxc2 28. Rxc2 Rxd6 29. Rc8 {[%emt 0:00:02] Prevents Nc6.} Qxc8 30. Bxc8 Nc6 31. Qxa6 (31. Bxa6 $6 Nxd4 32. Qd3 Nf5 $18) 31... Nxd4 32. Kg2 {[%emt 0:00:01] Prevents Nf3.} Kg7 33. b4 Nc2 34. Qa4 {[%emt 0:00:54] Inhibits d4.} Ne1+ 35. Kf1 Nf3 36. Qd1 {[%emt 0:00:31] Inhibits d4.} Ne5 37. Qd4 Nf3 38. Qf4 (38. Qe3 $18) 38... Ne4 $16 39. Kg2 (39. Qxf3 $2 Nd2+ 40. Kg2 Nxf3 41. Kxf3 d4 $19) (39. Qc1 $16) 39... Ne1+ $1 $11 40. Kf1 Nd3 (40... Nf3 $1 $11) 41. Qe3 $18 Ndxf2 {[%emt 0:00:15] And now ...d4 would win.} 42. Qd4+ $1 Kg8 43. a4 $2 (43. b5 $18) 43... Rc6 $16 44. Ba6 $1 {[%emt 0:00:11][%mdl 1024] White has strong compensation.} Rc1+ 45. Kg2 Ng4 $2 (45... Rd1 $1 $14 46. Qxb6 Rd2) 46. Bd3 $4 (46. Qxd5 $2 Ne3+ 47. Kf3 Nxd5 $19) (46. Qxb6 Rc2+ 47. Kg1 Rc1+ 48. Kg2 (48. Bf1 $2 Nd2 $19) 48... Rc2+ 49. Kg1 Rc1+ 50. Kg2 $11 (50. Bf1 $2 Nd2 $19)) (46. h3 $1 $18 Rc2+ 47. Kg1 Rc1+ 48. Kg2 Rc2+ 49. Kg1 Rc1+ 50. Bf1 Nxg3 51. Qxg4 Nxf1 52. Qd7) 46... Rd1 $19 47. a5 (47. h3 $142 Rd2+ 48. Kg1) 47... Rd2+ $2 (47... bxa5 $19 {has better winning chances.} 48. h3 (48. bxa5 $2 h5 $19) 48... Rd2+ 49. Kg1 Ngf2 50. bxa5 Nxh3+ 51. Kf1 Nhg5) 48. Kg1 {[%emt 0:00:05] [#]} (48. Kf3 $17 {was the only defense.} Nxh2+ 49. Kf4 bxa5 50. Qxd5) 48... Nef2 {[%emt 0:00:23] Dancing on a razor blade.} (48... Rxh2 $2 49. Bxe4 (49. Qxd5 Rh1+ 50. Kxh1 Nef2+ 51. Kg2 Ne3+ 52. Kxf2 Nxd5 $18) 49... Re2 50. Bxd5 Re1+ 51. Kg2 Ne3+ 52. Kf2 bxa5 53. Ba2 $18) (48... Nxh2 49. Qe3 bxa5 50. bxa5 $14 (50. Bxe4 dxe4 51. Qxe4 axb4 $11)) (48... bxa5 $1 $19 49. bxa5 Rd1+ 50. Kg2 h5) 49. Qxd5 $2 (49. Qxb6 $17 Nxd3 50. h3 Rd1+ 51. Kg2) 49... Nh3+ {[%emt 0:00:08] Black is clearly winning.} ({And not} 49... Nxd3 50. Qb7 h5 51. a6 $11) (49... Rxd3 $2 {[#]} 50. Qxd3 $3 (50. Qa8+ Kg7 $14) 50... Nxd3 51. a6 $18) 50. Kf1 Ne3+ ({Not} 50... Rxh2 51. Qd8+ Kg7 52. Qd4+ Nf6 53. axb6 Rf2+ 54. Ke1 $18) 51. Ke1 Rd1+ 52. Ke2 Nxd5 53. Kxd1 Nf2+ 54. Kd2 Nxd3 {[%emt 0:00:00] Weighted Error Value: White=0.48/Black=0.41} 0-1

[Event "FIDE WTC Prel-B 2022"]
[Site "Jerusalem"]
[Date "2022.11.22"]
[Round "5.10"]
[White "Van Foreest, Lucas"]
[Black "Shevchenko, Kirill"]
[Result "0-1"]
[ECO "E71"]
[WhiteElo "2585"]
[BlackElo "2649"]
[Annotator "TA"]
[PlyCount "52"]
[EventDate "2022.11.20"]
[EventType "team-tourn"]
[EventCountry "ISR"]
[SourceTitle "playchess.com"]
[Source "ChessBase"]
[SourceQuality "1"]
[WhiteTeam "Netherlands"]
[BlackTeam "Ukraine"]
[WhiteTeamCountry "NED"]
[BlackTeamCountry "UKR"]
[TimeControl "2700+10"]

1. d4 Nf6 2. c4 g6 3. Nc3 Bg7 4. e4 d6 5. h3 e5 6. d5 {[%emt 0:00:25] E71: King's Indian: 4 e4 d6 5 h3.} a5 7. Be3 Na6 8. Nf3 {[%emt 0:00:45] White has an edge.} Bd7 $5 {[%emt 0:00:15][%mdl 4] An interesting side line.} 9. Bd3 {[%emt 0:00:38] [#]} Nh5 $146 ({Predecessor:} 9... O-O 10. O-O Nh5 11. Re1 Kh8 12. Bf1 Qe8 13. Be2 Nf6 14. Nh2 Ng8 15. Qd2 Qe7 {½-½ (48) Martinovic,S (2447)-Damljanovic,B (2564) Paracin 2012}) 10. Qd2 O-O 11. O-O-O Nf4 12. Bxf4 exf4 13. Qxf4 Nc5 14. Bc2 Rb8 15. e5 (15. Nd4 $11) 15... b5 $15 16. exd6 cxd6 17. Qxd6 Nb7 18. Qf4 bxc4 19. Ne5 Nc5 (19... a4 $17 {[%cal Oa4a3] Hoping for ...a3!} 20. a3 (20. Bxa4 $2 Bxa4 21. Nxa4 Qd6 $19) (20. Nxc4 $2 Na5 $19) 20... Nd6) 20. Rhe1 $11 Qc7 (20... a4 $11) 21. Re3 $1 $36 {[%emt 0:05:25][%cal Oe5g6][%mdl 2048] aiming for Nxg6! White fights for an advantage.} Qb7 {[%emt 0:02:37] Chess con chili.} 22. Nxc4 (22. Qxc4 $2 {loses.} Qxb2+ 23. Kd2 Bf5 $19) 22... a4 23. Kd2 $2 {[%emt 0:02:26] [#]} (23. Rd2 $14 {stays ahead.}) 23... Qa6 $1 $17 {[%emt 0:01:57] And now ...Rb4 would win.} ({Resist} 23... Bxc3+ 24. bxc3 Qxd5+ 25. Qd4 $14) 24. a3 {[%emt 0:01:49] [#] Prevents Rb4.} f5 $1 {[%emt 0:06:37][%cal Oc5e4] ...Ne4+! is the strong threat.} (24... g5 25. Qxg5 Kh8 26. Qf4 $16 (26. Rg3 $2 Bh6 $19)) 25. h4 $2 (25. Ne5 $17 Rxb2 26. Nxd7 Nxd7 27. Kc1) 25... Ne4+ $1 $19 26. Bxe4 Qxc4 {[%emt 0:00:26][%mdl 64] Pin.   Weighted Error Value: White=0.47/Black=0.20 (precise)} 0-1

[Event "FIDE WTC Prel-B 2022"]
[Site "Jerusalem"]
[Date "2022.11.22"]
[Round "5.11"]
[White "Bernadskiy, Vitaliy"]
[Black "Warmerdam, Max"]
[Result "1/2-1/2"]
[ECO "A13"]
[WhiteElo "2615"]
[BlackElo "2617"]
[Annotator "TA"]
[PlyCount "97"]
[EventDate "2022.11.20"]
[EventType "team-tourn"]
[EventCountry "ISR"]
[SourceTitle "playchess.com"]
[Source "ChessBase"]
[SourceQuality "1"]
[WhiteTeam "Ukraine"]
[BlackTeam "Netherlands"]
[WhiteTeamCountry "UKR"]
[BlackTeamCountry "NED"]
[TimeControl "2700+10"]

1. c4 e6 2. g3 d5 3. Bg2 d4 4. Nf3 Nc6 5. O-O Bc5 6. d3 {[%emt 0:00:11] A13: English Opening: 1...e6.} Nf6 7. Na3 {[%emt 0:02:32] 7.Nbd2 is the hot move.} O-O 8. Nc2 e5 9. b4 Nxb4 {[%emt 0:00:03] [#]} 10. Nxe5 $146 ({Predecessor:} 10. Nxb4 Bxb4 11. Nxe5 Re8 12. Nf3 Bc5 13. Rb1 Rb8 14. Re1 b6 15. Nd2 Bg4 16. h3 {1-0 (42) Janik,I (2470)-Nguyen,T (2569) Zlin 2020}) 10... Re8 11. Nf3 Nxc2 12. Qxc2 c6 13. a4 Bf5 14. Ba3 Qd6 15. Bxc5 Qxc5 16. Qb2 Rad8 17. Rfe1 Rd7 18. a5 Bg4 19. Qd2 (19. Qa3 $5 Qh5 20. Rab1 $11) 19... Qh5 20. Qf4 {[%emt 0:01:47] Threatening a6.} c5 ({Black should play} 20... Bxf3 $11 21. Qxf3 a6) 21. Rab1 (21. e3 {seems wilder.} dxe3 22. Rxe3 Rxe3 23. Qxe3 Bxf3 24. Qf4) 21... Rde7 22. Rb5 (22. e3 $14) 22... h6 $1 $11 23. Qd6 b6 (23... Rxe2 24. Rxe2 Rxe2 25. Rxc5 $16) (23... Bxf3 24. Bxf3 Ng4 25. h4 $16 (25. Rxb7 $2 Qxh2+ 26. Kf1 Qxf2#)) 24. axb6 axb6 25. Rb2 (25. Rxb6 Rxe2 26. Rxe2 Rxe2 $15) 25... Re6 26. Qc7 R8e7 27. Qb8+ Re8 28. Qa7 Qf5 29. Rd2 Qh5 (29... g5 $5 ) 30. Qa4 Bxf3 31. Bxf3 Ng4 32. h4 g5 33. Kg2 $1 {[%emt 0:01:08] Hoping for Rh1.} gxh4 34. Rh1 Qg5 {[%emt 0:03:45] And now ...Nxf2 would win.} 35. Rxh4 (35. Bxg4 $5 Qxg4 36. Rxh4 $11) 35... Qxd2 (35... Nxf2 $5 36. Rf4 {[#]} Rf8 $1 37. Kxf2 Rg6 $11) 36. Rxg4+ Kf8 $1 ({Weaker is} 36... Kh8 37. Qd7 Rxe2 38. Bxe2 Qxe2 39. Qxf7 Qxg4 40. Qxe8+ Kh7 41. Qe7+ Kg8 42. Qe8+ Kg7 43. Qe5+ Kg6 44. Qd6+ Kg7 45. Qc7+ (45. Qxb6 Qc8 $18) 45... Kg8 46. Qb8+ (46. Qxb6 Qf5 $18) 46... Kh7 47. Qxb6 $18) 37. Qa7 (37. Rf4 $1 $14 Rg6 38. Kh3 Rxe2 39. Qd7) 37... Rf6 {[%emt 0:00:05] Strongly threatening ...h5.} 38. Qd7 h5 39. Rg8+ {[%emt 0:00:59][%mdl 64] [#] Discovered Attack, Decoy} Kxg8 40. Qxe8+ $15 {[%emt 0:00:02][%mdl 4096] Endgame KQR-KQB} Kg7 {[%emt 0:00:08] White must now prevent ...Qg5.} 41. Bxh5 Qg5 42. Bf3 Qf5 43. Qb8 Re6 44. Kg1 Qe5 (44... Qg5 {feels hotter.} 45. Kf1 Qe5 46. Qc8 Qf5) 45. Qb7 Rf6 46. Kg2 Qf5 47. Qb8 Re6 48. Kg1 Rf6 49. Kg2 {[%emt 0:01:01] Weighted Error Value: White=0.10 (very precise) /Black=0.11 (very precise)} 1/2-1/2

[Event "FIDE WTC Prel-B 2022"]
[Site "Jerusalem"]
[Date "2022.11.22"]
[Round "5.12"]
[White "Kevlishvili, Robby"]
[Black "Oleksiyenko, Mykhaylo"]
[Result "1/2-1/2"]
[ECO "C07"]
[WhiteElo "2536"]
[BlackElo "2594"]
[Annotator "TA"]
[PlyCount "92"]
[EventDate "2022.11.20"]
[EventType "team-tourn"]
[EventCountry "ISR"]
[SourceTitle "playchess.com"]
[Source "ChessBase"]
[SourceQuality "1"]
[WhiteTeam "Netherlands"]
[BlackTeam "Ukraine"]
[WhiteTeamCountry "NED"]
[BlackTeamCountry "UKR"]
[TimeControl "2700+10"]

1. e4 e6 2. d4 d5 3. Nd2 c5 4. Ngf3 cxd4 5. Nxd4 Nf6 6. exd5 Nxd5 7. g3 {[%emt 0:00:59] C07: French Tarrasch: 3...c5, 4 Ngf3 and 4 exd5 Qxd5.} Be7 8. N2f3 {[%emt 0:00:04] Prevents e5.} O-O 9. Bg2 Qc7 10. O-O {[%emt 0:00:15] [#]} b6 $146 ({Predecessor:} 10... Bf6 11. Qe2 a6 12. Rd1 h6 13. c4 Nb6 14. b3 e5 15. Nc2 Nc6 16. Ba3 Be7 17. Bxe7 Qxe7 {1-0 (35) Savon,V (2540)-Kogan,B Beltsy 1977}) 11. Bd2 Bb7 12. Rc1 a6 13. c4 Nf6 14. Bf4 Qc8 15. Qe2 (15. Ne5 {seems wilder.} Bc5 16. Bxb7 Qxb7 17. Qf3) 15... Nc6 16. Be3 Rd8 17. Rfd1 Bc5 18. Nxc6 Qxc6 19. Ne1 Qc7 20. Bxc5 bxc5 21. Bxb7 Qxb7 22. Nd3 Rdc8 23. Qe3 h6 24. Nxc5 Qxb2 25. Na4 Qb4 26. Nb6 Ng4 27. Qd4 e5 (27... Rd8 $1 $11 {remains equal.} 28. Nd7 (28. Qxg4 Qxb6 29. c5 Qc6 $11) (28. Qxd8+ Rxd8 29. Rxd8+ Kh7 $17) 28... Qa4) 28. Qxg4 $16 Qxb6 {[%emt 0:00:01] [#]} 29. Qe4 $1 Qe6 30. Rd5 {[%emt 0:00:17] White is much more active.} Re8 31. Re1 Rac8 32. c5 {[%emt 0:00:51][%cal Rd5e5] Against Qb6} f5 33. Qd3 (33. Qxe5 $2 {loses.} Qc6 34. Rc1 Rxe5 $19) ({White should try} 33. Qf3 $16) 33... e4 $11 34. Qd4 Rc6 35. Rb1 e3 36. fxe3 Qxe3+ 37. Qxe3 Rxe3 38. Rxf5 $14 {[%emt 0:06:30][%mdl 4096] Endgame KRR-KRR} (38. Rb6 $16 Ree6 39. Rb8+ (39. Rxf5 Rxb6 40. cxb6 Rxb6 $11) 39... Kh7 40. Kf2 (40. Rxf5 Re1+ 41. Kf2 Rc1 $11)) 38... Rc3 $11 {[%emt 0:01:01] The position is equal.} 39. Rb8+ Kh7 40. Ra8 Ra3 41. Ra7 Rxa2 42. Rff7 Rxc5 43. Rxg7+ Kh8 {[%emt 0:00:01][%cal Rc5c1] [#]} 44. Rh7+ Kg8 45. Rhg7+ (45. Rxh6 $2 Rc1#) 45... Kh8 46. Rh7+ Kg8 {[%emt 0:00:01] Weighted Error Value: White=0.08 (flawless) /Black=0.09 (flawless)} 1/2-1/2

[Event "FIDE WTC Prel-B 2022"]
[Site "Jerusalem"]
[Date "2022.11.22"]
[Round "5.13"]
[White "Mamedyarov, Shakhriyar"]
[Black "Rodshtein, Maxim"]
[Result "1-0"]
[ECO "E11"]
[WhiteElo "2741"]
[BlackElo "2618"]
[Annotator "TA"]
[PlyCount "91"]
[EventDate "2022.11.20"]
[EventType "team-tourn"]
[EventCountry "ISR"]
[SourceTitle "playchess.com"]
[Source "ChessBase"]
[SourceQuality "1"]
[WhiteTeam "Azerbaijan"]
[BlackTeam "Israel"]
[WhiteTeamCountry "AZE"]
[BlackTeamCountry "ISR"]
[TimeControl "2700+10"]

1. d4 Nf6 2. c4 e6 3. Nf3 d5 4. g3 Bb4+ 5. Bd2 Be7 6. Bg2 O-O 7. O-O c6 8. Qc2 Nbd7 9. Rc1 {[%emt 0:00:05] E11: Bogo-Indian.} a5 10. e3 $5 {[%emt 0:00:59][%mdl 4] [#] Exploring less charted territory.} Ne4 $146 ({Predecessor:} 10... b5 11. cxb5 cxb5 12. a3 Ne4 13. Be1 a4 14. Nc3 Nd6 15. Bf1 Ba6 16. Bd3 g6 {½-½ (35) Abasov,N (2646)-Niemann,H (2699) Saint Louis 2022}) 11. Be1 {[%emt 0:01:05] The position is equal.} f5 12. Nc3 Bd6 13. a3 g5 14. b4 g4 15. Nd2 axb4 16. axb4 (16. Ndxe4 {is interesting.} dxe4 17. axb4 Rxa1 18. Rxa1 Bxb4 19. Nxe4 Bxe1 20. Nd6) 16... Rxa1 17. Rxa1 Bxb4 18. Ndxe4 dxe4 19. Nxe4 Bxe1 20. Nd6 $1 Ba5 {[%emt 0:03:54] White must now prevent ...Bc7.} (20... Nf6 $5 21. c5 (21. Nxc8 Bxf2+ 22. Qxf2 Qxc8 $11) 21... Ba5 22. Nxc8 Bc7 $11) 21. Nxc8 Bc7 {[%emt 0:00:32] Against Nd6} 22. Ra8 {[%emt 0:02:32] And now c5 would win.} Bb8 $1 23. Nd6 Qe7 $132 {[%emt 0:00:09][%mdl 2048] Black is fighting back} 24. Nxb7 Nb6 25. Rxb8 Rxb8 26. Nc5 (26. Na5 $5 Qb4 27. Nxc6 Qe1+ 28. Bf1 $11) 26... Nd7 27. Nd3 {[%emt 0:03:36] [#]} (27. Nxd7 $1 $11 Qxd7 28. h4) 27... c5 (27... Qa3 $1 $17 {Strongly threatening ...Nf6.} 28. h4 (28. Bxc6 $2 Qa1+ 29. Kg2 Rb1 $19) 28... gxh3 29. Bxh3 Qb3 30. Qxb3 Rxb3) 28. h3 $11 gxh3 29. Bxh3 h5 30. d5 exd5 (30... h4 $1 $11 {and Black stays safe.}) 31. Bxf5 $18 h4 32. Nf4 (32. cxd5 hxg3 33. Qa4 Rb1+ 34. Kg2 gxf2 35. Nxf2 Qg7+ 36. Ng4 (36. Qg4 Qxg4+ 37. Nxg4 Rb2+ 38. Kf1 Nb8 $11) 36... Qb2+ 37. Nf2 Qg7+ 38. Ng4 (38. Qg4 Qxg4+ 39. Nxg4 Rb2+ 40. Kf1 Nb8 $11) 38... Qb2+ 39. Nf2 Qg7+ $11) 32... Nf8 {[%emt 0:00:15] Against Be6+} 33. Nxd5 Qe5 34. gxh4 Rb7 35. Nf4 Rf7 36. Be4 {[%emt 0:00:46] Hoping for Bd5.} Rg7+ 37. Kf1 Rg4 38. h5 Kg7 {[%emt 0:00:26] [#]} (38... Qa1+ $142 39. Ke2 (39. Qb1 Qxb1+ 40. Bxb1 Rg7 $16) 39... Rg1) 39. Qb1 $1 {[%emt 0:01:06] Threatens to win with Qb7+.} Kh6 $2 (39... Kh8 40. Bd5 Qf6) 40. Qb6+ Kg7 41. Qb7+ Kh6 42. Qc6+ Kg7 43. h6+ Kh8 44. Qc8 Rxf4 (44... Qxe4 45. Qxg4 (45. Qxf8+ Rg8 $16) 45... Qxc4+ 46. Kg2 Qg8) 45. exf4 Qxf4 46. Qxc5 {[%emt 0:00:13] Weighted Error Value: White=0.22 (precise) /Black=0.20 (precise)} 1-0

[Event "FIDE WTC Prel-B 2022"]
[Site "Jerusalem"]
[Date "2022.11.22"]
[Round "5.14"]
[White "Nabaty, Tamir"]
[Black "Radjabov, Teimour"]
[Result "1-0"]
[ECO "A48"]
[WhiteElo "2629"]
[BlackElo "2747"]
[Annotator "TA"]
[PlyCount "109"]
[EventDate "2022.11.20"]
[EventType "team-tourn"]
[EventCountry "ISR"]
[SourceTitle "playchess.com"]
[Source "ChessBase"]
[SourceQuality "1"]
[WhiteTeam "Israel"]
[BlackTeam "Azerbaijan"]
[WhiteTeamCountry "ISR"]
[BlackTeamCountry "AZE"]
[TimeControl "2700+10"]

1. d4 Nf6 2. Bf4 g6 3. c3 Bg7 4. Nd2 d6 5. e4 O-O 6. Ngf3 Nbd7 7. Be2 {[%emt 0:00:14] A48: 1 d4 Nf6 2 Nf3 g6: Torre, London and Colle Systems.} Re8 8. h3 e5 9. dxe5 {[%emt 0:00:03] The position is equal.} dxe5 10. Be3 Nh5 {[%emt 0:01:22] [#]} 11. O-O $146 ({Predecessor:} 11. g3 c6 12. Nh4 Nhf6 13. Qc2 b5 14. a4 bxa4 15. Rxa4 Nb6 16. Ra1 Be6 17. Nhf3 {0-1 (63) Bueno,J-Gazola,G Santa Cruz do Sul 2007}) 11... Nf4 12. Bc4 Nb6 13. Bb3 Qf6 14. h4 Bg4 15. g3 Ne6 16. Kg2 h6 17. a4 Rad8 18. Qc2 a5 19. Rfe1 Nf8 20. Nh2 Bd7 21. Nc4 Nxc4 22. Bxc4 Ne6 23. Rad1 Qe7 24. Qb3 b6 25. Nf3 Bc8 26. Bd5 Kh7 27. h5 g5 28. Rd2 (28. Nh2 $14) 28... Rd6 29. Red1 Red8 30. Bc4 Rxd2 31. Rxd2 Rxd2 32. Nxd2 Qd7 33. Nf1 Bf8 34. f3 (34. Bb5 $11 {remains equal.} Nf4+ 35. Kg1 (35. gxf4 Qg4+ 36. Kh1 Qf3+ 37. Kg1 Be6 $15) (35. Bxf4 Qh3+ 36. Kg1 Be6 $11)) 34... Nc5 $17 35. Qa2 Kg7 (35... Nxa4 36. Bxf7 Kg7 37. Bg6 $14) 36. g4 {[%emt 0:00:08] [#]} (36. b3 $15) 36... Qd1 (36... Nxa4 37. Ng3 $15) (36... Nxe4 $1 $17 {[%mdl 512] aiming for ...Nf6.} 37. Bb5 (37. fxe4 Qxg4+) 37... Qd1) 37. b3 {[%emt 0:00:17] [#]} (37. Bxc5 $11 Bxc5 38. b3) 37... Nd3 (37... Bxg4 $2 38. Be2 Bxf3+ 39. Bxf3 (39. Kxf3 Qd7 $11) 39... Qxb3 40. Qxb3 Nxb3 41. Bd1 $18) ({Black should play} 37... Nxe4 $1 $15 38. fxe4 Qxg4+ 39. Kh2 Bb7) 38. Qd2 $11 Qxd2+ 39. Bxd2 Nf4+ 40. Kf2 Be6 (40... Bd7 $11 {keeps the balance.}) 41. Bxe6 $16 Nxe6 {[%emt 0:00:03][%mdl 4096] Endgame KBN-KBN} (41... fxe6 $142 42. Ke1 c6) 42. b4 axb4 (42... b5 $16) 43. cxb4 $18 Nd4 $2 (43... Kf6 $16 44. a5 Nd4) 44. Ne3 c6 45. Bc3 Kf6 46. a5 bxa5 47. bxa5 {[%emt 0:00:01] Hoping for Bxd4.} Nb5 48. Bb2 Bc5 $2 {[%emt 0:00:01] This move loses the game for Black.} (48... Ke6 $16) 49. Ke2 Bxe3 (49... Bb4 {was worth a try.} 50. Nc4 Ke6 51. Bxe5 (51. Nxe5 Bxa5 52. Nxc6 Bc3 $18) 51... Bxa5) 50. Kxe3 {[%emt 0:00:01] KB-KN} Nc7 51. Ba3 Na6 $2 (51... Ke6 52. Bf8 f6) 52. Bf8 {[%emt 0:00:12] White is clearly winning.} Ke6 53. Bxh6 {[%emt 0:00:13] Threatens to win with Bf8.} f6 54. Bf8 {[%emt 0:00:02] Threatening mate with h6.} Kf7 55. Bd6 {[%emt 0:00:06] Weighted Error Value: White=0.15 (very precise) /Black=0.24 (precise)} 1-0

[Event "FIDE WTC Prel-B 2022"]
[Site "Jerusalem"]
[Date "2022.11.22"]
[Round "5.15"]
[White "Guseinov, Gadir"]
[Black "Boruchovsky, Avital"]
[Result "1-0"]
[ECO "C67"]
[WhiteElo "2661"]
[BlackElo "2552"]
[Annotator "TA"]
[PlyCount "87"]
[EventDate "2022.11.20"]
[EventType "team-tourn"]
[EventCountry "ISR"]
[SourceTitle "playchess.com"]
[Source "ChessBase"]
[SourceQuality "1"]
[WhiteTeam "Azerbaijan"]
[BlackTeam "Israel"]
[WhiteTeamCountry "AZE"]
[BlackTeamCountry "ISR"]
[TimeControl "2700+10"]

1. e4 {[%emt 0:00:03] Pavlovic,M} e5 2. Nf3 Nc6 3. Bb5 Nf6 4. O-O Nxe4 5. Re1 Nd6 6. Nxe5 Be7 7. Bf1 Nxe5 8. Rxe5 O-O 9. Nc3 {[%emt 0:00:11] C67: Ruy Lopez: Berlin Defence: 4 0-0 Nxe4.} Ne8 10. Nd5 Bd6 11. Re1 {[%emt 0:00:13] The position is equal.} c6 (11... Qh4 12. g3 Qd8 13. Ne3 $16) 12. Ne3 Be7 ({Don't do} 12... Qh4 13. g3 Qf6 14. d4 $16) 13. c4 d6 14. d4 Nc7 {[%emt 0:00:04] [#]} 15. d5 $5 $146 {[%emt 0:03:25][%mdl 8] New and interesting.} ({Predecessor:} 15. g3 Bf6 16. Bg2 g6 17. Qd3 d5 18. cxd5 cxd5 19. b3 Be6 20. Bb2 Qd7 21. Rac1 {½-½ (73) Wei,Y (2706)-Karjakin,S (2769) Wijk aan Zee 2016 CBM 171 [Pavlovic,M]}) 15... Bf6 16. g3 cxd5 17. cxd5 Re8 18. Rb1 b6 19. Bd2 Bb7 20. Bg2 Qd7 21. h4 Bd4 22. Qb3 Re5 23. Bc3 Bxc3 24. Qxc3 Ne8 (24... Bxd5 $2 25. Nxd5 Rxd5 26. Bxd5 Nxd5 27. Qf3 $18) 25. Qd4 Nf6 26. Nc4 Rxd5 27. Qf4 Rd3 28. Bxb7 Qxb7 29. Nxd6 Qc7 30. Rbd1 Rxd1 31. Rxd1 Rd8 {[%emt 0:01:14] Hoping for ...Ne8.} 32. Rc1 Qb8 (32... Qd7 $11) 33. Rc6 $16 h6 {[%emt 0:02:34] [#]} 34. Qc4 $1 {[%emt 0:00:25] White is much more active.} Kh7 35. Nxf7 Rd1+ 36. Kg2 {[%emt 0:00:10] Qc2+ is the strong threat.} Rd2 {[%emt 0:00:02] Against Qc2+} (36... Qe8 $16) 37. Qe6 $1 $18 {[%emt 0:01:03] aiming for Qf5+.} Qb7 38. Qf5+ Kg8 {[%emt 0:00:02] [#]} 39. Nxh6+ $1 Kh8 {[%emt 0:00:32] [#]} 40. Nf7+ $1 Kg8 41. Ne5 {[%emt 0:00:11] Threatens to win with Qe6+.} Re2 42. Qf3 Qa6 {[%emt 0:01:30] [#]} (42... Rxe5 43. Rxf6 Qxf3+ 44. Rxf3 Rb5) 43. Ng4 $2 (43. Nd7 $1 Qb7 (43... Nxd7 44. Qd5+) 44. Nxf6+ gxf6 45. Qxf6) 43... Ne4 {[%emt 0:01:01] [#]} (43... Nxg4 $18 44. Qxg4 Qb7 45. Qc4+ Kh7 46. Qd3+ Kh8 47. Qd8+ Kh7) 44. Qf5 {[%emt 0:00:08] Weighted Error Value: White=0.13 (very precise) /Black=0.33} (44. Nh6+ $142 $1 gxh6 (44... Kh7 45. Qf5+) 45. Rg6+ Kh8 46. Qf8+ Kh7 47. Rxh6#) 1-0